 Dungeon Crawl Stone Soup version 0.26.0-10-g1f06aea511 (webtiles) character file.

Game seed: 16675523524586896500

79 sanka the Insei (level 4, -1/24 HPs)
             Began as a Deep Elf Transmuter on Jan 17, 2021.
             Splashed by an orc's acid (9 damage)
             ... on level 3 of the Dungeon.
             The game lasted 00:05:01 (3704 turns).

sanka the Insei (Deep Elf Transmuter)               Turns: 3704, Time: 00:05:02

Health: -1/24      AC: -1    Str:  7    XL:     4   Next: 17%
Magic:  9/10       EV: 13    Int: 18    God:
Gold:   152        SH:  0    Dex: 16    Spells: 3/9 levels left

rFire    . . .     SeeInvis .     - Unarmed
rCold    . . .     Faith    .   (no shield)
rNeg     . . .     Spirit   .   a - +0 robe
rPois    .         Reflect  .   (helmet currently unavailable)
rElec    .         Harm     .   (no cloak)
rCorr    .         Rampage  .   o - +0 pair of gloves
Will     .....                  (boots currently unavailable)
Stlth    +.........             (no amulet)
HPRegen  0.08/turn              (no ring)
MPRegen  0.12/turn              (no ring)

@: appendages, corroded
A: horns 2, talons 2
a: End Transformation


You were on level 3 of the Dungeon.
You had grown temporary horns.
You had grown temporary talons.
You visited 1 branch of the dungeon, and saw 3 of its levels.

You collected 152 gold pieces.


Innate Abilities, Weirdness & Mutations

You have a pair of horns on your head.
You have razor-sharp toenails.


   Skills:
 - Level 0.7 Fighting
 - Level 2.4 Dodging
 - Level 3.4 Unarmed Combat
 - Level 3.0 Spellcasting
 + Level 3.0 Transmutations
 + Level 1.7 Poison Magic


You had 3 spell levels left.
You knew the following spells:

 Your Spells              Type           Power        Failure   Level
c - Spider Form           Tmut/Pois      5%           19%         3
x - Wereblood             Tmut           13%          7%          2
z - Beastly Appendage     Tmut           26%          4%          1

Your spell library contained the following spells:

 Spells                   Type           Power        Failure   Level
 Ice Form                 Ice/Tmut       8%           65%         4
 Blade Hands              Tmut           6%           78%         5

Inventory:

Armour
 a - a +0 robe (worn)
 o - a +0 pair of gloves (worn)
Scrolls
 b - 3 scrolls of teleportation {unknown}
 c - 2 scrolls of amnesia {unknown}
 f - 2 scrolls of remove curse {unknown}
 g - a scroll of blinking {unknown}
 h - 5 scrolls of identify {unknown}
 i - a scroll of enchant armour {unknown}
 j - a scroll of immolation {unknown}
 p - a scroll of fog {unknown}
Potions
 d - 3 potions of flight {unknown}
 e - 3 potions of heal wounds {unknown}
 k - a potion of brilliance {unknown}
 l - a potion of degeneration {unknown}
 m - 2 potions of curing {unknown}
 n - 3 potions of mutation {unknown}

Dungeon Overview and Level Annotations

Branches:
Dungeon (3/15)

Altars:
Nemelex Xobeh

▒ ▒ ▒. .▒▒ ▒ .>
▒.▒ .. ▒.
▒▒..▒▒▒ .▒
▒.▒o▒...▒..▒.
▒▒▒▒▒..e........
................
▒▒▒▒▒▒▒▒.▒▒▒.▒.
▒†▒ ▒▒▒▒▒▒▒▒▒.▒
.......<†.▒
▒▒▒▒▒▒▒▒▒▒▒


You could see an orc.


Message History

Your punch misses the jackal.
The jackal is almost dead.
The jackal barely misses you.
You closely miss the jackal. You headbutt the jackal.
You kill the jackal!
No target in view!
No target in view!
You start resting.
Magic restored.
Your transformation is almost over.
HP restored.
You see here a jackal corpse.
Things that are here:
a jackal corpse; a jackal corpse Your horns disappear.
Your talons disappear.
An orc comes into view.
It is wielding a -3 hand axe and carrying a wand of acid (8).
The orc moves out of view.
p - a scroll labelled FOZULE VEURPH An orc is nearby!
An orc is nearby!
You grow a pair of large bovine horns.
Your feet morph into talons.
The orc zaps a wand.
The bolt of acid hits you!
Ouch! That really hurt!
* * * LOW HITPOINT WARNING * * *
The acid corrodes you!
You are splashed with acid!
You die...

Action                   |  1- 3 |  4- 6 || total
-------------------------+-------+-------++-------
Melee: Unarmed           |   143 |    30 ||   173
       Kick              |    23 |     2 ||    25
       Headbutt          |    12 |     4 ||    16
       Punch             |     1 |       ||     1
 Cast: Beastly Appendage |    25 |     7 ||    32
       Spider Form       |       |     1 ||     1
       Wereblood         |       |     1 ||     1
 Stab: Sleeping          |     3 |       ||     3
Armor: Robe              |    16 |     6 ||    22
Dodge: Dodged            |    87 |    22 ||   109

Levels and vault maps discovered:
D:1:      minmay_arrival_pointy, layout_loops_corners,
          nemelex_diamond_rough_becter
D:2:      layout_loops_corners, lightli_corner_chamber
D:3:      layout_loops_ring, general_overflow_altar, kennysheep_potato,
          uniq_robin

Notes
Turn   | Place    | Note
-------+----------+-------------------------------------------
     0 | D:1      | sanka the Deep Elf Transmuter began the quest for the Orb.
     0 | D:1      | Reached XP level 1. HP: 11/11 MP: 6/6
   657 | D:1      | Reached skill level 3 in Unarmed Combat
   657 | D:1      | Reached XP level 2. HP: 14/16 MP: 8/8
   660 | D:1      | Learned a level 2 spell: Wereblood
   707 | D:1      | Found a sparkling altar of Nemelex Xobeh.
  1411 | D:1      | Reached XP level 3. HP: 20/20 MP: 7/9
  1623 | D:1      | Learned a level 3 spell: Spider Form
  1960 | D:2      | Reached skill level 1 in Poison Magic
  2896 | D:2      | Reached XP level 4. HP: 20/24 MP: 8/10
  3502 | D:3      | Reached skill level 3 in Transmutations
  3704 | D:3      | Splashed by an orc's acid

Vanquished Creatures
  An adder (D:2)
  An ooze (D:2)
  2 worms
  6 dart slugs
  A leopard gecko (D:1)
  9 bats
  A giant cockroach (D:1)
  9 goblins
  3 hobgoblins
  4 jackals
  3 frilled lizards (D:1)
  4 kobolds
  2 rats (D:1)
46 creatures vanquished.

Table legend: (Time is in decaauts)
 A = Elapsed time spent in this place.
 B = Non-inter-level travel time spent in this place.
 C = Inter-level travel time spent in this place.
 D = Time resting spent in this place.
 E = Time spent auto-exploring this place.
 F = Levels seen in this place.
 G = Mean time per level.
                   A        B        C        D        E       F      G
               +--------+--------+--------+--------+--------+-----+--------+
         Total |   3695 |   3648 |     47 |   1630 |   1611 |   3 | 1231.7 |
       Dungeon |   3695 |   3648 |     47 |   1630 |   1611 |   3 | 1231.7 |
               +--------+--------+--------+--------+--------+-----+--------+

Top non-repeatable levels by time:
     D:1: 1816 daAuts
     D:2: 1754 daAuts
     D:3: 125 daAuts
